 Dungeon Crawl Stone Soup version 0.23.2-1-ga50397a (webtiles) character file.

Game seed: 13955478274355369931

161 myga the Ogre Mage (level 5, 0/50 HPs)
             Began as an Ogre Wizard on May 9, 2019.
             Succumbed to an adder's poison
             ... on level 4 of the Dungeon.
             The game lasted 00:12:29 (3333 turns).

myga the Ogre Mage (Ogre Wizard)                    Turns: 3333, Time: 00:12:31

Health: 0/50       AC:  3    Str: 16    XL:     5   Next: 42%
Magic:  3/11       EV: 10    Int: 19    God:
Gold:   158        SH:  0    Dex:  8    Spells: 2/12 levels left

rFire    . . .     SeeInvis .   k - +2 spear (venom)
rCold    . . .     Gourm    .   (no shield)
rNeg     . . .     Faith    .   a - +0 robe
rPois    .         Spirit   .   b - +0 hat
rElec    .         Reflect  .   (no cloak)
rCorr    .         Harm     .   (gloves unavailable)
MR       .....                  (boots unavailable)
Stlth    +.........             (no amulet)
HPRegen  0.16/turn              (no ring)
MPRegen  0.12/turn              (no ring)

@: mighty, lethally poisoned (0 -> -7), hasted, very quick
A: large, unfitting armour, tough skin 1
a: no special abilities


You were on level 4 of the Dungeon.
You were not hungry.

You visited 1 branch of the dungeon, and saw 4 of its levels.

You collected 158 gold pieces.

Inventory:

Hand Weapons
 k - a +2 spear of venom (weapon)
Missiles
 c - 34 arrows
 g - 109 stones (quivered)
 p - 13 poisoned needles
Armour
 a - a +0 robe (worn)
 b - a +0 hat (worn)
Scrolls
 h - a scroll of fear
 m - a scroll of amnesia {unknown}
 n - a scroll of remove curse {unknown}
Potions
 i - a potion of curing
Comestibles
 d - 5 rations
 f - 6 chunks of flesh


   Skills:
 + Level 2.6 Fighting
 + Level 2.1 Polearms
 + Level 2.7 Dodging
 + Level 1.5 Stealth
 + Level 4.4 Spellcasting
 + Level 1.5 Conjurations
 + Level 0.9 Summonings
 + Level 1.0 Translocations


You had 2 spell levels left.
You knew the following spells:

 Your Spells              Type           Power        Failure   Level  Hunger
a - Magic Dart            Conj           #...         7%          1    None
b - Blink                 Tloc           N/A          13%         2    #......
c - Call Imp              Summ           #.......     14%         2    #......
d - Slow                  Hex            #.......     21%         2    #......
e - Mephitic Cloud        Conj/Pois/Air  #.......     32%         3    ###....

Your spell library contained the following spells:

 Spells                   Type           Power        Failure   Level  Hunger
 Conjure Flame            Conj/Fire      #.......     28%         3    ###....


Dungeon Overview and Level Annotations

Branches:
Dungeon (4/15)
 Temple: D:4-7

Altars:
Trog


Innate Abilities, Weirdness & Mutations

You are too large for most types of armour.
You have tough skin. (AC +1)


Message History

Unknown command.
Casting: Blink (safe; 13% risk of failure)
Confirm with . or Enter, or press ? or * to list all spells.
Okay, then.
Casting: Blink (safe; 13% risk of failure)
Confirm with . or Enter, or press ? or * to list all spells.
Aiming: Magic Dart (safe; 7% risk of failure)
Press: ? - help, Shift-Dir - straight line, f - adder
Aim: an adder The magic dart hits the adder.
The adder is moderately wounded.
You feel sick. The adder bites you.
* * * LOW HITPOINT WARNING * * *
It was a potion of haste.
You feel yourself speed up. The adder bites you.
* * * LOW HITPOINT WARNING * * *
You are more poisoned.
The adder poisons you!
It was a potion of might.
You feel very mighty all of a sudden.
You die...

#.#.#.#.#..#
#...........
.#.#.#.#.##
.........#.
.#.#.#....
......#
...######...#
.......@S<.#
....#####........
. ##.####.# ..#
...# ....# ....#
....#


You could see an adder.

Vanquished Creatures
  An orc priest (D:3)
  6 adders (D:2)
  2 worms (D:2)
  4 leopard geckos
  7 orcs
  3 giant cockroaches
  4 goblins
  6 hobgoblins
  10 jackals (D:2)
  3 quokkas
  A ball python (D:1)
  6 bats
  2 frilled lizards (D:2)
  4 kobolds
  8 rats
67 creatures vanquished.

Vanquished Creatures (collateral kills)
  A worm (D:2)
  A jackal (D:2)
2 creatures vanquished.

Grand Total: 69 creatures vanquished

Notes
Turn   | Place    | Note
-------+----------+-------------------------------------------
     0 | D:1      | myga the Ogre Wizard began the quest for the Orb.
     0 | D:1      | Reached XP level 1. HP: 16/16 MP: 5/5
   411 | D:1      | Reached skill level 1 in Fighting
   697 | D:1      | Reached XP level 2. HP: 27/27 MP: 0/6
   704 | D:1      | Reached skill level 1 in Conjurations
  1270 | D:1      | Learned a level 2 spell: Blink
  1273 | D:1      | Learned a level 2 spell: Call Imp
  1276 | D:1      | Learned a level 2 spell: Slow
  1674 | D:2      | Reached skill level 4 in Spellcasting
  1674 | D:2      | Reached XP level 3. HP: 30/35 MP: 6/8
  2076 | D:2      | Reached XP level 4. HP: 37/42 MP: 10/10
  2110 | D:2      | Reached skill level 1 in Polearms
  2116 | D:2      | Learned a level 3 spell: Mephitic Cloud
  2208 | D:2      | Found a bloodstained altar of Trog.
  2810 | D:2      | Reached skill level 1 in Translocations
  3093 | D:2      | Reached XP level 5. HP: 37/49 MP: 11/11
  3332 | D:4      | HP: 1/50 [adder (2)]
  3333 | D:4      | Succumbed to an adder's poison

Skill      XL: |  1  2  3  4  5 |
---------------+----------------+-----
Dodging        | 2 |  2.7
Fighting       | 1 2 |  2.6
Conjurations   | 1 |  1.5
Spellcasting   | 4 |  4.4
Polearms       | 1 2 |  2.1
Translocations | 1 |  1.0
Stealth        | |  1.5
Summonings     | |  0.9

Action                   |  1- 3 |  4- 6 || total
-------------------------+-------+-------++-------
Melee: Unarmed           |    14 |       ||    14
       Club              |    15 |       ||    15
       Spear             |    59 |    86 ||   145
 Cast: Magic Dart        |    24 |    20 ||    44
       Blink             |       |     5 ||     5
       Call Imp          |       |     1 ||     1
       Mephitic Cloud    |       |     1 ||     1
  Use: Scroll            |     1 |     2 ||     3
       Potion            |       |     2 ||     2
 Stab: Sleeping          |     3 |       ||     3
  Eat: Chunk             |     4 |     4 ||     8
Armor: Robe              |    21 |    10 ||    31
Dodge: Dodged            |    43 |    33 ||    76
